 Dungeon Crawl Stone Soup version 0.28-a0-1389-gc726bef33b (webtiles) character file.

Game seed: 1523162793558513211

792 SensoryNuts the Skirmisher (level 7, 0/57 HPs)
             Began as a Demonspawn Fighter on Jan 3, 2022.
             Was an Initiate of Gozag.
             Slain by a lemure (4 damage)
             ... led by Pikel
             ... on level 4 of the Dungeon.
             The game lasted 00:06:00 (5868 turns).

SensoryNuts the Skirmisher (Demonspawn Fighter)     Turns: 5868, Time: 00:06:01

Health: 0/57       AC:  7    Str: 19    XL:     7   Next: 57%
Magic:  7/7        EV: 11    Int:  9    God:    Gozag
Gold:   315        SH:  6    Dex: 12    Spells: 6/6 levels left

rFire   . . .      SeeInvis .   a - +0 long sword (freeze)
rCold   . . .      Faith    .   c - +1 buckler
rNeg    . . .      Spirit   .   b - +0 scale mail
rPois   .          Reflect  .   (no helmet)
rElec   .          Harm     .   (no cloak)
rCorr   .          Rampage  .   (no gloves)
Will    .....                   (no boots)
Stlth   ..........              (no amulet)
HPRegen 0.19/turn               (no ring)
MPRegen 0.10/turn               (no ring)

@: hasted, very quick
A: powered by pain 2
a: Renounce Religion, Potion Petition, Call Merchant, Bribe Branch


You were on level 4 of the Dungeon.
You worshipped Gozag.
Gozag was aware of your devotion.
You visited 1 branch of the dungeon, and saw 5 of its levels.

You collected 345 gold pieces.
You paid 30 gold pieces to Gozag.

Inventory:

Hand Weapons
 a - a +0 long sword of freezing (weapon)
Armour
 b - a +0 scale mail (worn)
 c - a +1 buckler (worn)
Jewellery
 h - a ring of flight
Wands
 g - a wand of mindburst (19)
Scrolls
 f - a scroll of holy word
 i - a scroll of magic mapping
Potions
 d - a potion of might
 j - a potion of brilliance
 k - a potion of haste


   Skills:
 + Level 5.8 Fighting
 + Level 3.6(5.1) Short Blades
 + Level 5.7(6.2) Long Blades
 + Level 5.5 Armour
 + Level 4.0 Dodging
 + Level 0.1 Stealth
 + Level 5.1 Shields


You had 6 spell levels left.
You didn't know any spells.
Your spell library contained the following spells:

 Spells                   Type           Power      Damage    Failure   Level
 Apportation              Tloc           0%         N/A       75%         1
 Alistair's Intoxication  Tmut/Pois      0%         N/A       100%        5


Dungeon Overview and Level Annotations

Branches:
Dungeon (5/15)             Temple (0/1) D:4

Altars:
Gozag
Trog
Vehumet

Shops:
D:1 =

Annotations:
D:5 Eustachio


Innate Abilities, Weirdness & Mutations

You sometimes gain power by taking damage.


Message History

You are too injured to fight recklessly!
You are too injured to fight recklessly!
You are too injured to fight recklessly!
You are too injured to fight recklessly!
You are too injured to fight recklessly!
You are too injured to fight recklessly!
You are too injured to fight recklessly!
You are too injured to fight recklessly!
You are too injured to fight recklessly!
You are too injured to fight recklessly!
You barely miss the lemure.
The lemure is almost dead.
The lemure closely misses you. The lemure hits you.
The lemure hits you but does no damage.
You closely miss the lemure.
The lemure is almost dead.
The lemure hits you. The lemure hits you but does no damage.
You closely miss the lemure.
The lemure is almost dead.
The lemure closely misses you.
The lemure hits you but does no damage. x2
You closely miss the lemure.
The lemure is almost dead.
The lemure hits you.
* * * LOW HITPOINT WARNING * * *
The lemure hits you.
* * * LOW HITPOINT WARNING * * *
You barely miss the lemure.
The lemure is almost dead.
The lemure hits you.
* * * LOW HITPOINT WARNING * * *
The lemure barely misses you.
You closely miss the lemure.
The lemure is almost dead.
The lemure hits you.
* * * LOW HITPOINT WARNING * * *
You block the lemure's attack.
Unknown command.
You feel yourself speed up. The lemure hits you.
You die...
Your body crumbles into a pile of gold.

...### <....###
)......###
....##...###
........##.####
.......#....#.####
.......#....#..#(###
...........#...)5..#
...........#....@5##
...............####
.##............#
##>...###..##..##
..........#.....#
...##...#....<.##
..............##
..............#
.............##


You could see 2 lemures.

Vanquished Creatures
  A black bear (D:4)
  A necrophage (D:4)
  An ogre (D:4)
  2 lemures (D:4)
  A scorpion (D:4)
  A bullfrog zombie (D:3)
  2 hounds (D:4)
  An orc priest (D:2)
  A gnoll shaman (D:4)
  2 iguanas (D:4)
  An orc wizard (D:2)
  7 gnolls (D:4)
  3 adders
  A worm (D:3)
  3 dart slugs (D:4)
  11 orcs
  5 ball pythons
  4 bats
  6 endoplasms
  4 giant cockroaches
  5 goblins
  6 hobgoblins
  2 kobolds
  7 quokkas
  A frilled lizard (D:3)
  7 rats
86 creatures vanquished.

Notes
Turn   | Place    | Note
-------+----------+-------------------------------------------
     0 | D:1      | SensoryNuts the Demonspawn Fighter began the quest for the
                  | Orb.
     0 | D:1      | Reached XP level 1. HP: 18/18 MP: 1/1
   146 | D:1      | Found Qauffa's Jewellery Boutique.
   558 | D:1      | Gained mutation: You sometimes gain a little power by
                  | taking damage. [demonic ancestry]
   558 | D:1      | Reached XP level 2. HP: 24/24 MP: 2/2
  1394 | D:2      | Reached XP level 3. HP: 11/29 MP: 3/3
  1854 | D:2      | Found a faded altar of an unknown god.
  2397 | D:2      | Reached skill level 5 in Fighting
  2397 | D:2      | Reached skill level 5 in Shields
  2397 | D:2      | Reached XP level 4. HP: 39/39 MP: 4/4
  2437 | D:2      | Gained mutation: You sometimes gain power by taking damage.
                  | [demonic ancestry]
  2437 | D:2      | Reached XP level 5. HP: 23/44 MP: 5/5
  3238 | D:3      | Reached skill level 5 in Armour
  3269 | D:3      | Found an opulent altar of Gozag.
  3270 | D:3      | Found a radiant altar of Vehumet.
  3283 | D:3      | Became a worshipper of Gozag Ym Sagoz the Greedy
  3385 | D:4      | Reached skill level 5 in Long Blades
  3458 | D:4      | Noticed a necrophage
  3468 | D:4      | Killed a necrophage
  3469 | D:4      | Reached XP level 6. HP: 42/51 MP: 6/6
  3880 | D:4      | Found a bloodstained altar of Trog.
  3894 | D:4      | Found a staircase to the Ecumenical Temple.
  3974 | D:4      | Reached XP level 7. HP: 51/56 MP: 7/7
  4640 | D:5      | Entered Level 5 of the Dungeon
  4640 | D:5      | Noticed Eustachio
  5868 | D:4      | Slain by a lemure

Illustrated notes

Levels and vault maps discovered:
D:1:      zelgadis_glass_arrival_large, layout_basic, serial_shops, shop,
          minmay_pentomino_s2
D:2:      layout_loops_ring, shapermc_ecumenical_altar_starsandcircs,
          minmay_cupped
D:3:      layout_loops_cross, gammafunk_temple_overflow_pools,
          grunt_ministairs_9
D:4:      layout_cave_pools, mainiacjoe_overflow_small_starburst,
          minmay_temple_entry_butterflies
D:5:      layout_rooms, nicolae_wu_jian_immortal_techniques,
          ebering_ghost_sewer_d, roderic_roman_lattice, minmay_misc_feat_roman,
          uniq_eustachio, uniq_pikel

Skill      XL: |  1  2  3  4  5  6  7 |
---------------+----------------------+-----
Long Blades    | 2 4 5 |  5.7
Armour         | 3 4 5 |  5.5
Shields        | 3 5 |  5.1
Fighting       | 5 |  5.8
Short Blades   | 3 |  3.6
Dodging        | 3 4 |  4.0
Stealth        | |  0.1

Action                   |  1- 3 |  4- 6 |  7- 9 || total
-------------------------+-------+-------+-------++-------
Melee: Long sword        |   108 |   146 |    62 ||   316
Throw: Throwing net      |       |       |     1 ||     1
  Use: Scroll            |     3 |     5 |     4 ||    12
       Potion            |     3 |       |     2 ||     5
Armor: Scale mail        |    66 |    54 |    44 ||   164
Dodge: Dodged            |    59 |    77 |    49 ||   185
Block: Buckler           |    27 |    30 |    22 ||    79

Table legend: (Time is in decaauts)
 A = Elapsed time spent in this place.
 B = Non-inter-level travel time spent in this place.
 C = Inter-level travel time spent in this place.
 D = Time resting spent in this place.
 E = Time spent auto-exploring this place.
 F = Levels seen in this place.
 G = Mean time per level.
                   A        B        C        D        E       F      G
               +--------+--------+--------+--------+--------+-----+--------+
         Total |   5933 |   5860 |     73 |    790 |   4306 |   5 | 1186.6 |
       Dungeon |   5933 |   5860 |     73 |    790 |   4306 |   5 | 1186.6 |
               +--------+--------+--------+--------+--------+-----+--------+

Top non-repeatable levels by time:
     D:4: 2561 daAuts
     D:1: 1392 daAuts
     D:2: 1311 daAuts
     D:3: 652 daAuts
     D:5: 16 daAuts
